 Dungeon Crawl Stone Soup version 0.30-a0-652-gcc886f7154 (webtiles) character file.

Game seed: 1923897716254765494

253702 PyroL the Earth Mage (level 19, -2/118 HPs)
             Began as a Gargoyle Earth Elementalist on Jan 15, 2023.
             Was the Champion of Vehumet.
             Killed from afar by a frost giant (43 damage)
             ... with a bolt of cold
             ... on level 1 of the Vaults on Jan 17, 2023.
             The game lasted 03:08:26 (53184 turns).

PyroL the Earth Mage (Gargoyle Earth Elementalist) Turns: 53184, Time: 03:08:27

Health: -2/118     AC: 47    Str: 19    XL:     19   Next: 72%
Magic:  2/33       EV: 12    Int: 27    God:    Vehumet [******]
Gold:   1033       SH:  6    Dex: 10    Spells: 2/38 levels left

rFire   + + +      SeeInvis +    s - staff of earth
rCold   . . .      Faith    .    Q - +2 buckler {AC+3}
rNeg    + . .      Spirit   .    P - +6 fire dragon scales of the Skies Above {rF++ rC- Int+4}
rPois   ∞          Reflect  .    q - +2 helmet {SInv}
rElec   +          Harm     .    Z - +2 cloak
rCorr   .          Rampage  .    N - +1 pair of gloves
Will    +....                    M - +1 pair of boots {rF+} Stlth
                                 d - amulet of regeneration
HPRegen 1.19/turn                O - +6 ring of strength
MPRegen 0.23/turn                L - ring of protection from cold

@: flying, studying 2 skills
A: sickness immunity, AC +14, big wings, negative energy resistance 1,
electricity resistance, torment resistance 1, petrification resistance
}: 2/15 runes: serpentine, barnacled
a: Renounce Religion


You were on level 1 of the Vaults.
You worshipped Vehumet.
Vehumet was exalted by your worship.
You visited 8 branches of the dungeon, and saw 34 of its levels.
You also visited: Volcano.

You collected 4868 gold pieces.
You spent 3835 gold pieces at shops.

Inventory:

Missiles
 u - 36 poisoned darts
 w - 2 silver javelins
Armour
 q - a +2 helmet of see invisible (worn)
 M - a +1 pair of boots of fire resistance (worn)
 N - a +1 pair of gloves (worn)
 P - the +6 fire dragon scales of the Skies Above (worn) {rF++ rC- Int+4}
   (You found it in a volcano)

   Int:       It affects your intelligence (+4).
   rF:        It greatly protects you from fire.
   rC:        It makes you vulnerable to cold.
 Q - a +2 buckler of protection (worn)
 Z - a +2 cloak (worn)
Magical Staves
 s - a staff of earth (weapon)
Jewellery
 a - an amulet of magic regeneration
 d - an amulet of regeneration (around neck)
 j - a ring of resist corrosion
 E - a +5 ring of evasion
 L - a ring of protection from cold (right hand)
 O - a +6 ring of strength (left hand)
 T - a ring of fire
 V - a +6 ring of strength
 Y - a ring of positive energy
Wands
 i - a wand of polymorph (10)
 l - a wand of acid (20)
 F - a wand of flame (88)
 U - a wand of iceblast (16)
Scrolls
 f - 2 scrolls of silence
 g - 6 scrolls of poison
 k - 3 scrolls of fog
 n - 2 scrolls of amnesia
 t - 2 scrolls of torment
 v - 2 scrolls of enchant armour
 y - 9 scrolls of enchant weapon
 A - 18 scrolls of teleportation
 B - 2 scrolls of immolation
 I - 3 scrolls of magic mapping
 J - 6 scrolls of vulnerability
 R - 11 scrolls of identify
 S - 2 scrolls of blinking
 W - 4 scrolls of fear
Potions
 b - 2 potions of magic
 c - 7 potions of mutation
 e - 3 potions of berserk rage
 h - 17 potions of curing
 m - 4 potions of resistance
 o - 8 potions of brilliance
 p - a potion of invisibility
 r - 3 potions of cancellation
 z - a potion of ambrosia
 C - 5 potions of attraction
 D - 3 potions of might
 G - 4 potions of lignification
 H - 8 potions of haste
 X - a potion of heal wounds
Miscellaneous
 K - a phantom mirror


   Skills:
 - Level 12.8 Fighting
 - Level 7.1(8.6) Axes
 - Level 8.1(10.6) Maces & Flails
 - Level 7.5(9.1) Staves
 - Level 1.2 Ranged Weapons
 + Level 10.4 Armour
 + Level 9.8 Dodging
 - Level 2.1 Stealth
 - Level 4.0 Shields
 - Level 2.6 Unarmed Combat
 - Level 10.0 Spellcasting
 - Level 15.0 Conjurations
 + Level 3.0 Hexes
 - Level 7.0 Necromancy
 - Level 5.3 Transmutations
 - Level 18.0 Earth Magic
 - Level 7.0 Poison Magic
 - Level 7.5 Evocations


You had 2 spell levels left.
You knew the following spells:

 Your Spells              Type           Power      Damage    Failure   Level
a - Sandblast             Erth           100%       2d20      0%          1
b - Stone Arrow           Conj/Erth      100%       3d13      1%          3
c - Passwall              Tmut/Erth      71%        N/A       1%          2
d - Poisonous Vapours     Pois/Air       64%        N/A       1%          2
e - Borgnjor's Vile Clut  Necr/Erth      44%        N/A       2%          5
f - Fulminant Prism       Conj/Hex       29%        3d14      1%          4
g - Irradiate             Conj/Tmut      31%        3d22      2%          5
h - Lehudib's Crystal Sp  Conj/Erth      50%        10d12     30%         8
i - Iron Shot             Conj/Erth      50%        9d10      1%          6

Your spell library contained the following spells:

 Spells                   Type           Power      Damage    Failure   Level
 Shatter                  Erth           52%        3d40*     92%         9
 Fire Storm               Conj/Fire      26%        8d7       100%        9
 Polar Vortex             Ice            6%         N/A       100%        9
 Beastly Appendage        Tmut           84%        N/A       1%          1
 Magic Dart               Conj           100%       1d8       1%          1
 Necrotise                Necr           100%       1d9       1%          1
 Momentum Strike          Conj/Tloc      100%       3d10      1%          2
 Searing Ray              Conj           100%       2d8       1%          2
 Wereblood                Tmut           42%        N/A       2%          2
 Ensorcelled Hibernation  Hex/Ice        42%        N/A       14%         2
 Apportation              Tloc           26%        N/A       17%         1
 Summon Small Mammal      Summ           52%        N/A       17%         1
 Blink                    Tloc           26%        N/A       26%         2
 Call Imp                 Summ           13%        N/A       26%         2
 Lesser Beckoning         Tloc           26%        N/A       26%         2
 Petrify                  Tmut/Erth      86%        N/A       1%          4
 Iskenderun's Battlesphe  Conj           76%        2d12      1%          5
 Lee's Rapid Deconstruct  Erth           52%        3d25*     1%          5
 Flame Wave               Conj/Fire      52%        2d13      2%          4
 Iskenderun's Mystic Bla  Conj/Tloc      52%        2d11      2%          4
 Sticky Flame             Conj/Fire      52%        2d7       2%          4
 Spider Form              Tmut/Pois      46%        N/A       4%          3
 Animate Armour           Summ/Erth      100%       N/A       4%          4
 Arcjolt                  Conj/Air       26%        1d36      6%          5
 Inner Flame              Hex/Fire       21%        N/A       7%          3
 Animate Dead             Necr           50%        N/A       10%         4
 Frozen Ramparts          Ice            26%        1d4       13%         3
 Kindle Blastsparks       Fire/Tloc/Air  26%        2d12      13%         3
 Anguish                  Hex/Necr       20%        N/A       22%         4
 Alistair's Intoxication  Tmut/Pois      30%        N/A       36%         5
 Cause Fear               Hex            15%        N/A       43%         4
 Call Canine Familiar     Summ           13%        N/A       45%         3
 Ozocubu's Armour         Ice            13%        N/A       45%         3
 Swiftness                Air            13%        N/A       45%         3
 Eringya's Noxious Bog    Tmut/Pois      23%        N/A       45%         6
 Ice Form                 Ice/Tmut       27%        N/A       50%         4
 Death Channel            Necr           25%        N/A       82%         6
 Summon Ice Beast         Ice/Summ       13%        N/A       86%         4
 Metabolic Englaciation   Hex/Ice        10%        N/A       94%         5
 Summon Forest            Summ/Tloc      6%         N/A       99%         5
 Simulacrum               Ice/Necr       16%        N/A       99%         6
 Summon Cactus Giant      Summ           6%         N/A       100%        6
 Dragon Form              Tmut           21%        N/A       100%        7
 Enfeeble                 Hex            15%        N/A       100%        7
 Haunt                    Necr/Summ      16%        N/A       100%        7
 Summon Hydra             Summ           6%         N/A       100%        7
 Infestation              Necr           25%        N/A       100%        8
 Dragon's Call            Summ           6%         N/A       100%        9


Dungeon Overview and Level Annotations

Branches:
Dungeon (15/15)            Temple (1/1) D:5            Lair (5/5) D:11
 Shoals (4/4) Lair:2        Snake (4/4) Lair:3        Slime (0/5) Lair:4
    Orc (2/2) D:12            Elf (2/3) Orc:2        Vaults (1/5) D:14
 Depths (0/4) D:15        Volcano (visited)

Altars:
Ashenzari
Cheibriados
Dithmenos
Elyvilon
Fedhas
Gozag
Hepliaklqana
Kikubaaqudgha
Makhleb
Nemelex Xobeh
Okawaru
Qazlal
Ru
Sif Muna
Trog
Uskayaw
Vehumet
Wu Jian
Xom
Yredelemnul
Zin
The Shining One

Shops:
D:1 ?   D:6 !=(   D:8 *   Orc:1 :   Orc:2 *([(?:(=[   Elf:1 :   Shoals:2 (?
Shoals:3 [   Shoals:4 *   Snake:1 :   Snake:2 *   Snake:4 *

Annotations:
D:6 2 transporters, mandoloar's ghost, novice GrFi
D:7 1 runed translucent door, Crazy Yiuf
Snake:1 3 runed translucent doors, Ukumepte's ghost, adept OpWn
Elf:2 3 runed translucent doors


Innate Abilities, Weirdness & Mutations

You are immune to sickness and miasma.
Your stone body is resilient. (AC +14)
You are immune to poison.
Your large and strong wings let you fly.
You resist negative energy. (rN+)
You are resistant to electric shocks. (rElec)
You are resistant to unholy torment.
You are immune to petrification.


Message History

Press: ? - help, Dir - move target, f/p - frost giant
Aim: a frost giant, wielding a +1 battleaxe of freezing (severely wounded) Poisonous vapours surround the frost giant!
The frost giant is poisoned.
The frost giant gestures at you while chanting.
The bolt of cold hits you!!
* * * LOW HITPOINT WARNING * * *
Okay, then.
Aiming: Throw Flame
Press: ? - help, Q - select action, (/) - cycle Shift-Dir - straight line, p - frost giant
Okay, then.
Unknown command.
Press: ? - help, v - describe, . - travel
Here: a frost giant, wielding a +1 battleaxe of freezing (severely wounded, very poisoned)
The floor.
Okay, then.
Press: ? - help, . - travel You can't see that place. [the floor.]
Okay, then.
You feel much better.
The frost giant hits you with a +1 battleaxe of freezing.
* * * LOW HITPOINT WARNING * * *
The frost giant freezes you.
* * * LOW HITPOINT WARNING * * *
The frost giant gestures at you while chanting.
The bolt of cold misses you.
The frost giant points at you and mumbles some strange words.
The bolt of cold hits you!!
* * * LOW HITPOINT WARNING * * *
Okay, then.
Unknown command.
You feel much better.
The frost giant gestures at you while chanting.
The bolt of cold hits you!!
* * * LOW HITPOINT WARNING * * *
You feel much better.
The frost giant points at you and mumbles some strange words.
The bolt of cold hits you!!!
You die...

cY###+#########...........)..#
pp..+().))†.).'..............#
pJ.Y#.....)..)#).............#
.J# #.........#..............#
# #.........#..............#
#.........#.C########....#
#.........#..#......#....#
###########..#......#....#
#.@#......'....#
#..#......#....#
#..#......#...?#
#..#......#....#
#..#......#....#
#..#......#....#
#..#......#....#
#..#......#..[.#
#..########....#


You could see a frost giant (poisoned).

Vanquished Creatures
  Vashnia (Snake:2)
  Saint Roka (Orc:1)
  Nikola (Shoals:3)
  Jorgrun (Snake:2)
  A kraken (Shoals:2)
  Frances (D:14)
  2 quicksilver dragons (Snake:4)
  Polyphemus (Shoals:3)
  A sphinx (D:12)
  Kirke (Lair:4)
  A tengu reaver (D:12)
  Donald (Orc:2)
  Roxanne (Shoals:2)
  3 nagarajas (Snake:4)
  Ilsuiw (Shoals:3)
  A frost giant (D:15)
  2 vault wardens (Vaults:1)
  An orc warlord (D:12)
  3 ironbound preservers (Vaults:1)
  A deep elf demonologist (Elf:1)
  A dire elephant (Vaults:1)
  Snorg (Orc:2)
  3 merfolk javelineers (Shoals:4)
  A fire dragon (D:14)
  10 merfolk impalers
  An ettin (Orc:1)
  A rakshasa (D:15)
  5 hydras
  2 yaktaur captains (Vaults:1)
  3 vault guards (D:14)
  3 salamander tyrants (Snake:4)
  4 merfolk avatars
  2 alligator snapping turtles
  7 anacondas
  A catoblepas (Shoals:3)
  3 ogre magi
  8 centaur warriors
  4 boulder beetles
  A two-headed ogre (shapeshifter) (Vaults:1)
  7 dancing weapons
  6 merfolk aquamancers
  2 death yaks
  3 naga warriors
  4 tengu warriors
  A satyr (Shoals:2)
  3 two-headed ogres
  20 naga sharpshooters
  7 shock serpents
  2 deep elf knights (Elf:2)
  2 salamander mystics
  Nergalle (D:11)
  4 skeletal warriors (D:14)
  3 spectral anacondas (Snake:3)
  2 lindwurms
  24 sea snakes
  2 naga ritualists
  A wizard (D:15)
  9 deep elf archers
  23 deep elf pyromancers
  Pikel (D:6)
  19 harpies
  An ugly thing (D:12)
  2 oklob plants (Lair:5)
  5 orc knights
  20 manticores
  13 deep elf zephyrmancers
  5 orc sorcerers
  14 cyclopes
  13 fauns
  5 salamanders
  6 mana vipers
  11 elephants
  4 guardian serpents
  2 vault sentinels (Vaults:1)
  8 naga magi
  Joseph (D:9)
  39 black mambas
  8 merfolk sirens
  An ice statue (Shoals:1)
  9 water nymphs
  A gargoyle (D:13)
  3 spectral sea snakes (Snake:3)
  Psyche (D:8)
  Maggie (D:10)
  An unseen horror (D:12)
  12 cane toads
  A yaktaur (Vaults:1)
  2 rime drakes
  10 komodo dragons
  2 anaconda simulacra (Snake:3)
  3 tengu conjurers
  2 spectral nagas (Snake:3)
  2 efreet
  34 merfolk
  6 trolls
  A polar bear (Lair:1)
  A tarantella (shapeshifter) (D:15)
  Prince Ribbit (D:8)
  A hornet (D:11)
  24 blink frogs
  10 wind drakes
  17 snapping turtles
  A spectral guardian serpent (Snake:3)
  3 tyrant leeches (Lair:5)
  18 dream sheep
  2 air elementals
  8 slime creatures
  A guardian serpent skeleton (Snake:3)
  Sigmund (D:2)
  12 water elementals
  2 shadows
  41 yaks
  6 vampires
  4 basilisks
  6 fire elementals
  2 wyverns
  3 wraiths
  A human (D:14)
  3 hogs (Lair:4)
  A human (shapeshifter) (D:15)
  Grum (D:8)
  A steam dragon (D:10)
  10 vampire mosquitoes
  A sea snake simulacrum (Snake:3)
  26 nagas
  A warg (Orc:1)
  4 acid dragons
  16 water moccasins
  7 hell hounds (Volcano)
  5 sky beasts
  2 ice beasts
  36 orc warriors
  12 ogres
  20 wolves
  15 centaurs
  The ghost of larrydude the Sneak, an amateur OpMo (D:3)
  2 phantoms
  A kobold brigand (D:7)
  21 bullfrogs
  2 necrophages (D:7)
  5 scorpions
  An earth elemental (Elf:2)
  A gnoll sergeant (D:10)
  5 wights (D:9)
  6 killer bees
  5 electric eels
  5 howler monkeys
  3 lava snakes (Lair:3)
  3 hounds
  15 orc priests
  2 jellies (D:5)
  3 iguanas
  Ijyb (D:3)
  15 orc wizards
  Natasha (thrice) (D:2)
  2 hell rats (Lair:5)
  A statue (D:5)
  A naga skeleton (Snake:3)
  Robin (D:2)
  6 gnolls
  6 river rats (Lair:5)
  6 adders
  2 naga simulacra (Snake:3)
  2 shadow imps (D:6)
  4 white imps
  2 worms (D:2)
  2 dart slugs (D:4)
  78 orcs
  8 endoplasms
  A giant cockroach (D:4)
  16 goblins
  14 hobgoblins
  4 jackals (D:4)
  4 quokkas
  3 training dummies (Shoals:2)
  8 ball pythons
  4 bats
  3 frilled lizards
  13 kobolds
  4 rats
  A spectral orc (D:13)
1104 creatures vanquished.

Vanquished Creatures (others)
  A merfolk impaler (Shoals:3)
  A merfolk aquamancer (Shoals:3)
  An alligator snapping turtle (Shoals:3)
  A death yak (Shoals:3)
  A sea snake (Shoals:3)
  A manticore (Shoals:3)
  A fire elemental (Elf:1)
  A water elemental (Elf:2)
  An orc (Orc:1)
  A bush (D:11)
  15 fulminant prisms
  48 fungi
  296 plants
  31 tentacles (Shoals:2)
400 creatures vanquished.

Grand Total: 1504 creatures vanquished

Notes
Turn   | Place    | Note
-------+----------+-------------------------------------------
     0 | D:1      | PyroL the Gargoyle Earth Elementalist began the quest for
                  | the Orb.
     0 | D:1      | Reached XP level 1. HP: 10/10 MP: 3/3
   136 | D:1      | Reached XP level 2. HP: 15/15 MP: 0/5
   201 | D:1      | Reached skill level 4 in Earth Magic
   460 | D:1      | Found Eplunisch's Magic Scroll Emporium.
   567 | D:1      | Reached XP level 3. HP: 11/19 MP: 1/7
  1291 | D:2      | Noticed Natasha
  1318 | D:2      | Killed Natasha
  1319 | D:2      | Reached skill level 5 in Earth Magic
  1319 | D:2      | Reached XP level 4. HP: 24/24 MP: 8/8
  1466 | D:2      | Noticed Sigmund
  1476 | D:2      | Learned a level 3 spell: Stone Arrow
  1479 | D:2      | Learned a level 2 spell: Passwall
  1504 | D:2      | Noticed Natasha
  1519 | D:2      | Killed Natasha
  1520 | D:2      | Reached skill level 1 in Conjurations
  1550 | D:2      | Noticed Robin
  1568 | D:2      | Reached XP level 5. HP: 19/28 MP: 2/9
  1671 | D:2      | Killed Robin
  1947 | D:2      | Noticed Natasha
  1956 | D:2      | Killed Natasha
  1957 | D:2      | Reached skill level 6 in Earth Magic
  2449 | D:3      | Found a sparkling altar of Nemelex Xobeh.
  2529 | D:3      | Noticed an ogre
  2530 | D:3      | Noticed larrydude's ghost (amateur OpMo)
  2532 | D:3      | Found a transporter.
  2538 | D:3      | Found a transporter.
  2563 | D:3      | Found a faded altar of an unknown god.
  2637 | D:3      | Noticed Ijyb
  2653 | D:3      | HP: 1/28 [Ijyb/bolt of acid (17)]
  2995 | D:3      | Killed Ijyb
  3551 | D:4      | Reached XP level 6. HP: 32/32 MP: 5/10
  4187 | D:3      | Killed larrydude's ghost
  4188 | D:3      | Reached skill level 7 in Earth Magic
  4191 | D:3      | Reached XP level 7. HP: 32/36 MP: 1/11
  4311 | D:2      | Killed Sigmund
  4402 | D:5      | Entered Level 5 of the Dungeon
  4402 | D:5      | Found a white marble altar of Elyvilon.
  4420 | D:5      | Reached skill level 5 in Conjurations
  4442 | D:5      | Reached skill level 8 in Earth Magic
  4556 | D:5      | Found a staircase to the Ecumenical Temple.
  4603 | Temple   | Entered the Ecumenical Temple
  4687 | D:5      | Found an opulent altar of Gozag.
  4703 | D:5      | Reached XP level 8. HP: 36/41 MP: 5/12
  4858 | D:5      | Found a radiant altar of Vehumet.
  4886 | D:5      | Reached skill level 1 in Fighting
  4890 | D:5      | Became a worshipper of Vehumet
  4960 | D:5      | Found a glowing silver altar of Zin.
  4989 | D:5      | Found Ucrapoy's Jewellery Boutique.
  5066 | D:5      | Found a shimmering blue altar of Sif Muna.
  5221 | D:6      | Found Huwyck's Distillery.
  5227 | D:6      | Reached skill level 1 in Armour
  5251 | D:6      | Found a transporter.
  5586 | D:6      | Noticed a vampire
  5618 | D:6      | Found Meeshriohi's Jewellery Shop.
  5618 | D:6      | Found Goabiqo's Antique Weapon Shop.
  5676 | D:6      | Bought a ring of see invisible for 195 gold pieces
  5700 | D:6      | Reached XP level 9. HP: 41/52 MP: 10/15
  5901 | D:6      | Reached skill level 1 in Maces & Flails
  5901 | D:6      | Reached skill level 1 in Unarmed Combat
  5901 | D:6      | Reached skill level 5 in Spellcasting
  5990 | D:6      | Noticed Pikel
  6095 | D:6      | Killed Pikel
  6096 | D:6      | Reached skill level 5 in Fighting
  6096 | D:6      | Reached skill level 5 in Armour
  6145 | D:6      | Reached * piety under Vehumet
  6145 | D:6      | Offered knowledge of Foxfire by Vehumet.
  6391 | D:6      | Noticed mandoloar's ghost (novice GrFi)
  6408 | D:6      | Found a transporter.
  6779 | D:6      | Reached skill level 1 in Axes
  6873 | D:7      | Reached XP level 10. HP: 50/60 MP: 10/17
  6963 | D:7      | Found a stormy altar of Qazlal.
  7011 | D:7      | Found a broken altar of Ashenzari.
  7185 | D:7      | Found a runed translucent door.
  7186 | D:7      | Noticed Crazy Yiuf
  7238 | D:7      | Reached skill level 9 in Earth Magic
  7448 | D:7      | Found a blossoming altar of Fedhas.
  7611 | D:8      | Noticed Grum
  7633 | D:8      | Killed Grum
  7638 | D:8      | Reached skill level 1 in Staves
  7758 | D:8      | Noticed Psyche
  7909 | D:8      | Found Rikid's Fire Supplies.
  7950 | D:8      | Noticed Prince Ribbit
  7958 | D:8      | Killed Prince Ribbit
  8031 | D:8      | Offered knowledge of Poisonous Vapours by Vehumet.
  8128 | D:8      | Found a shimmering altar of Xom.
  8132 | D:8      | Learned a level 2 spell: Poisonous Vapours
  8164 | D:8      | Killed Psyche
  8164 | D:8      | Reached ** piety under Vehumet
  9098 | D:9      | Noticed Joseph
  9104 | D:9      | Killed Joseph
  9291 | D:9      | Reached XP level 11. HP: 68/68 MP: 13/18
  9531 | D:10     | Entered Level 10 of the Dungeon
  9539 | D:10     | Offered knowledge of Static Discharge by Vehumet.
  9620 | D:10     | Noticed Maggie
  9713 | D:10     | Killed Maggie
  9730 | D:10     | Found a shadowy altar of Dithmenos.
  9928 | D:10     | Reached skill level 5 in Poison Magic
  9957 | D:10     | Reached skill level 10 in Earth Magic
 10177 | D:10     | Noticed a centaur warrior
 10187 | D:10     | Killed a centaur warrior
 10273 | D:10     | Reached skill level 11 in Earth Magic
 10381 | D:10     | Noticed a cyclops
 10384 | D:10     | Killed a cyclops
 10450 | D:10     | Noticed a centaur warrior
 10455 | D:10     | Killed a centaur warrior
 10555 | D:10     | Found a glowing golden altar of the Shining One.
 10569 | D:10     | Reached skill level 12 in Earth Magic
 10578 | D:10     | Reached *** piety under Vehumet
 10736 | D:11     | Noticed Nergalle
 10807 | D:11     | Killed Nergalle
 10808 | D:11     | Reached skill level 1 in Necromancy
 10837 | D:11     | Identified the +2 falchion of Xom {vamp, rF+ rC+ Str+3}
 11083 | D:11     | Found a staircase to the Lair.
 11090 | D:11     | Noticed a boulder beetle
 11128 | D:11     | Killed a boulder beetle
 11955 | Lair:1   | Entered Level 1 of the Lair of Beasts
 12222 | D:11     | Reached XP level 12. HP: 74/75 MP: 15/20
 12317 | Lair:1   | Learned a level 5 spell: Borgnjor's Vile Clutch
 12354 | Lair:1   | Found a dark tunnel.
 12439 | Volcano  | Entered a volcano
 12496 | Volcano  | Offered knowledge of Hailstorm by Vehumet.
 13011 | Volcano  | Identified the +6 fire dragon scales of the Skies Above
                  | {rF++ rC- Int+4}
 13450 | Lair:1   | Reached skill level 5 in Necromancy
 13596 | Lair:1   | Reached **** piety under Vehumet
 13597 | Lair:1   | Reached skill level 10 in Fighting
 14379 | Lair:2   | Noticed a five-headed hydra
 14384 | Lair:2   | Killed a five-headed hydra
 14425 | Lair:2   | Reached skill level 13 in Earth Magic
 14503 | Lair:2   | Offered knowledge of Dazzling Flash by Vehumet.
 14576 | Lair:2   | Reached XP level 13. HP: 61/82 MP: 20/22
 15221 | Lair:2   | Reached skill level 14 in Earth Magic
 16162 | Lair:2   | Found a staircase to the Shoals.
 16438 | Lair:3   | Found a staircase to the Snake Pit.
 16816 | Lair:3   | Reached ***** piety under Vehumet
 16875 | Lair:3   | Offered knowledge of Yara's Violent Unravelling by Vehumet.
 17387 | Lair:4   | Reached skill level 10 in Armour
 17419 | Lair:4   | Noticed Kirke
 17441 | Lair:4   | Reached skill level 15 in Earth Magic
 17445 | Lair:4   | Killed Kirke
 17446 | Lair:4   | Reached skill level 1 in Shields
 17462 | Lair:4   | Reached skill level 1 in Evocations
 17883 | Lair:4   | Found a staircase to the Slime Pits.
 18143 | Lair:5   | Entered Level 5 of the Lair of Beasts
 18251 | Lair:5   | Gained mutation: Your large and strong wings let you fly.
                  | [Gargoyle growth]
 18251 | Lair:5   | Reached XP level 14. HP: 88/88 MP: 18/23
 19337 | Lair:5   | Learned a level 4 spell: Fulminant Prism
 20476 | D:12     | Found a staircase to the Orcish Mines.
 21368 | D:11     | Noticed a tengu reaver
 21467 | D:11     | Noticed a sphinx
 22123 | D:13     | Reached skill level 5 in Maces & Flails
 22639 | D:13     | Found a basalt altar of Yredelemnul.
 22825 | D:14     | Noticed Frances
 22840 | D:14     | Killed Frances
 22976 | D:14     | Reached skill level 5 in Evocations
 23148 | D:14     | Offered knowledge of Starburst by Vehumet.
 23149 | D:14     | Reached XP level 15. HP: 93/93 MP: 12/24
 23326 | D:14     | Found a gate to the Vaults.
 23816 | D:14     | Found a hide-covered altar of Uskayaw.
 24288 | D:14     | Reached skill level 10 in Conjurations
 24720 | D:15     | Entered Level 15 of the Dungeon
 26087 | D:15     | Found a staircase to the Depths.
 26087 | D:15     | Noticed a frost giant
 26092 | D:15     | Killed a frost giant
 26330 | Orc:1    | Entered Level 1 of the Orcish Mines
 26331 | Orc:1    | Noticed an orc warlord
 26347 | D:12     | Killed an orc warlord
 26347 | D:12     | Offered knowledge of Irradiate by Vehumet.
 26355 | D:12     | Learned a level 5 spell: Irradiate
 26628 | Orc:1    | Found Wipt's Book Shoppe.
 26742 | Orc:1    | Reached skill level 1 in Transmutations
 27043 | Orc:2    | Entered Level 2 of the Orcish Mines
 27043 | Orc:2    | Noticed Donald
 27050 | Orc:2    | Killed Donald
 27636 | Orc:2    | Found Pahaoh's CLEARANCE SALE!.
 27640 | Orc:2    | Noticed Snorg
 27647 | Orc:2    | Killed Snorg
 27804 | Orc:2    | Found Vojuet's Book Shop.
 27806 | Orc:2    | Found a staircase to the Elven Halls.
 28151 | Orc:2    | Noticed Saint Roka
 28464 | Orc:1    | Killed Saint Roka
 28465 | Orc:1    | Reached skill level 5 in Axes
 28465 | Orc:1    | Reached skill level 5 in Staves
 28951 | Orc:2    | Found Vaygerhy's Antique Weapon Shop.
 29143 | Orc:2    | Found Hanurem's Armour Emporium.
 29222 | Orc:2    | Offered knowledge of Eringya's Noxious Bog by Vehumet.
 29290 | Orc:2    | Reached XP level 16. HP: 90/100 MP: 2/25
 29447 | Orc:2    | Found Yvanloew's Antique Weapon Shoppe.
 29696 | Orc:2    | Found Soek's Jewellery Emporium.
 29763 | Orc:2    | Found Geesheps's Magic Scroll Shoppe.
 29771 | Orc:2    | Bought a scroll of teleportation for 39 gold pieces
 29771 | Orc:2    | Bought a scroll of fear for 52 gold pieces
 29771 | Orc:2    | Bought a scroll of silence for 123 gold pieces
 29882 | Orc:2    | Found Zilocat's Antique Armour Shoppe.
 29884 | Orc:2    | Found Ingeass's Antique Weapon Emporium.
 30056 | D:6      | Bought a potion of heal wounds for 50 gold pieces
 30056 | D:6      | Bought a potion of heal wounds for 50 gold pieces
 30227 | D:12     | Killed a tengu reaver
 30229 | D:12     | Paralysed by a sphinx for 2 turns
 30367 | D:12     | Killed a sphinx
 31043 | Elf:1    | Entered Level 1 of the Elven Halls
 31778 | Elf:1    | Found Wunweje's Book Emporium.
 32144 | Elf:1    | Got the Vellum of Summoning
 32508 | Elf:2    | Paralysed by an air elemental for 1 turns
 32869 | Elf:2    | Reached skill level 5 in Transmutations
 33076 | Elf:2    | Paralysed by an air elemental for 1 turns
 33573 | Snake:1  | Entered Level 1 of the Snake Pit
 33874 | Snake:1  | Found Ehalijain's Book Emporium.
 33959 | Snake:1  | Found a runed translucent gate.
 33960 | Snake:1  | Found a runed translucent gate.
 33964 | Snake:1  | Found a runed translucent gate.
 33964 | Snake:1  | Noticed a nagaraja
 33965 | Snake:1  | Noticed Ukumepte's ghost (adept OpWn)
 34245 | Snake:1  | Reached skill level 16 in Earth Magic
 34336 | Snake:1  | Offered knowledge of Ozocubu's Refrigeration by Vehumet.
 34755 | Snake:2  | Noticed Jorgrun
 34783 | Snake:2  | Killed Jorgrun
 35422 | Snake:2  | Found Iseynat's General Store.
 35431 | Snake:2  | Bought a scroll of teleportation for 45 gold pieces
 35491 | Snake:2  | Noticed Vashnia
 35767 | Snake:2  | Reached skill level 5 in Dodging
 35767 | Snake:2  | Reached XP level 17. HP: 94/106 MP: 21/28
 36018 | Snake:2  | Killed Vashnia
 36350 | Snake:2  | Upgraded the game from 0.30-a0-634-g8abc85282e to
                  | 0.30-a0-639-g3916f1956a
 37423 | Snake:4  | Entered Level 4 of the Snake Pit
 38028 | Snake:4  | Offered knowledge of Iskenderun's Battlesphere by Vehumet.
 38036 | Snake:4  | Learned a level 5 spell: Iskenderun's Battlesphere
 38434 | Snake:4  | Found Obuicaemu's Assorted Antiques.
 39715 | Snake:4  | Noticed a quicksilver dragon
 39743 | Snake:4  | Killed a quicksilver dragon
 39748 | Snake:4  | Noticed a quicksilver dragon
 40102 | Snake:4  | Killed a quicksilver dragon
 40636 | Elf:1    | Bought the Dissertation on Viridian Energy for 816 gold
                  | pieces
 40743 | Elf:1    | Learned a level 6 spell: Iron Shot
 41204 | Snake:4  | Reached XP level 18. HP: 104/112 MP: 12/30
 41358 | Snake:4  | Got a serpentine rune of Zot
 42146 | Elf:2    | Found a runed translucent gate.
 42147 | Elf:2    | Found a runed translucent gate.
 42147 | Elf:2    | Found a runed translucent gate.
 42634 | Shoals:1 | Entered Level 1 of the Shoals
 43369 | Shoals:1 | Offered knowledge of Lehudib's Crystal Spear by Vehumet.
 44716 | Shoals:1 | Learned a level 8 spell: Lehudib's Crystal Spear
 45425 | Shoals:2 | Found Puolepp's Firing Range.
 45732 | Shoals:2 | Found the +8 longbow "Zephyr" {speed, Dex+3 SInv}
 46026 | Shoals:2 | Reached skill level 1 in Ranged Weapons
 46557 | Shoals:2 | Found Enac Jianomo's Magic Scroll Emporium.
 46571 | Shoals:2 | Noticed Roxanne
 46730 | Shoals:2 | Killed Roxanne
 46921 | Shoals:2 | Bought a scroll of fear for 60 gold pieces
 47320 | Shoals:3 | Found Ilogh's Armour Boutique.
 47324 | Shoals:3 | Reached skill level 10 in Spellcasting
 47987 | Shoals:3 | Noticed Ilsuiw
 48260 | Shoals:3 | Killed Ilsuiw
 48759 | Shoals:3 | Noticed Polyphemus
 48817 | Shoals:3 | Noticed Nikola
 49107 | Shoals:2 | Reached ****** piety under Vehumet
 49247 | Shoals:3 | Killed Polyphemus
 49248 | Shoals:3 | Reached XP level 19. HP: 85/118 MP: 17/33
 49249 | Shoals:3 | Killed Nikola
 49250 | Shoals:3 | Reached skill level 17 in Earth Magic
 49910 | Shoals:3 | Offered knowledge of Fire Storm by Vehumet.
 49910 | Shoals:3 | Offered knowledge of Shatter by Vehumet.
 49910 | Shoals:3 | Offered knowledge of Polar Vortex by Vehumet.
 50266 | D:8      | Bought a +1 pair of boots of fire resistance for 165 gold
                  | pieces
 50494 | Shoals:4 | Entered Level 4 of the Shoals
 50581 | Shoals:4 | Found Beurel's Gadget Gallery.
 50871 | Shoals:4 | Identified the +7 war axe of the Orcish Mines {venom, *Rage
                  | rPois rF- Will+++}
 51221 | Shoals:4 | Identified a scroll of acquirement
 51639 | Shoals:4 | Reached skill level 18 in Earth Magic
 52322 | Shoals:4 | Got a barnacled rune of Zot
 52420 | Shoals:4 | Upgraded the game from 0.30-a0-639-g3916f1956a to
                  | 0.30-a0-652-gcc886f7154
 52465 | Shoals:4 | Acquired 1059 gold pieces
 52700 | Orc:2    | Bought a manual of Maces & Flails for 1120 gold pieces
 52702 | Orc:2    | Bought a manual of Hexes for 1120 gold pieces
 52839 | Vaults:1 | Entered Level 1 of the Vaults
 53103 | Vaults:1 | Reached skill level 1 in Hexes
 53118 | Vaults:1 | Reached skill level 15 in Conjurations
 53184 | Vaults:1 | Killed from afar by a frost giant

Illustrated notes

Levels and vault maps discovered:
D:1:      spicycebolla_green_bress_n_ham, layout_loops_corners, serial_shops,
          nicolae_shop_trees
D:2:      layout_basic, roderic_three_in_a_row, minmay_indecisive_spiral,
          uniq_natasha, uniq_robin, uniq_sigmund
D:3:      layout_loops_ring, nemelex_xobeh_ov_fountains_minmay,
          ebering_ecumenical_altar_rust, gammafunk_ghost_smash, uniq_ijyb
D:4:      layout_gridville, sigmund_army
D:5:      layout_rooms, mainiacjoe_overflow_boulevard, elyvilon_altar_5,
          led_sif_pool, vehumet_statue, grunt_gozag_statues,
          minmay_temple_entry_arrows, serial_shops, nicolae_square_shop,
          serial_glass, glass_columns_a, glass_columns_a
D:6:      cheibrodos_fzero, layout_loops_ring, serial_shops,
          nicolae_stop_n_shop_2, nicolae_stop_n_shop_1, shop,
          gammafunk_ghost_stat_death, uniq_pikel
D:7:      layout_gridville, mainiacjoe_overflow_alcove_1, grunt_qazlal_clouds,
          mainiacjoe_overflow_alcove_4, uniq_crazy_yiuf_cottage
D:8:      layout_rooms, mainiacjoe_overflow_surrounded_room,
          nicolae_shop_fire_sale [nicolae_sub_dead_trees], uniq_prince_ribbit1,
          uniq_psyche, uniq_grum
D:9:      layout_roguey, kennysheep_generic_room_10, uniq_joseph
D:10:     layout_loops_ring, kennysheep_mini, mainiacjoe_overflow_brackets,
          hangedman_decor_growths, kb_rosetta, uniq_maggie
D:11:     minmay_klotski, layout_cross, lair_entry_dummy, grunt_decor_junction,
          kennysheep_flooded_box, kennysheep_generic_room_4, uniq_nergalle
D:12:     layout_loops_corners, david_orc_2, kennysheep_decorative_pillar
D:13:     layout_basic, yredelemnul_forgotten_temple_becter
D:14:     layout_long_grid, grunt_vaults_entry_fortified,
          portal_ice_cave_entry_pillars_2, dancing_weapons_uskayaw, uniq_frances
D:15:     grunt_enter_depths_snipers, layout_loops_ring
Temple:   eino_wide_crystal_templ
Lair:1:   layout_hall_layers, nicolae_volcano_entry_two_sided
Lair:2:   layout_layer_cave, elwin_shoals_entry_rooms, serial_bayou_shore_a,
          grunt_megastairs_3
Lair:3:   layout_misc_corridors, nicolae_snake_entry_warm_welcome
Lair:4:   layout_roguey, dpeg_slime_entry_corner, lemuel_fruit_fields,
          uniq_kirke
Lair:5:   minmay_lair_end_frog_pond, layout_gridlike, kennysheep_rathole,
          lemuel_fruit_fields
Shoals:1: layout_shoals, dpeg_stationary_puzzle
Shoals:2: layout_shoals, serial_shops, shop_statue, nicolae_shop_firing_range,
          uniq_roxanne
Shoals:3: cheibrodos_shoals_three_sisters, layout_shoals, serial_shops, shop,
          uniq_nikola, uniq_polyphemus, uniq_ilsuiw
Shoals:4: shoals_end_simple, layout_shoals, shoal_ilsuiw, nicolae_shop_gadgets
Snake:1:  layout_basic, serial_shops, nicolae_shop_statue_plus,
          gammafunk_ghost_split
Snake:2:  layout_onion_interference, serial_shops, nicolae_lakefront_shop,
          uniq_jorgrun, uniq_vashnia
Snake:3:  layout_misc_corridors, nicolae_snake_gridmaze_zigzag,
          grunt_ministairs_6, nicolae_snake_the_dead_are_slithering
Snake:4:  hellmonk_snake_rune_quicksilver_temple, layout_misc_corridors,
          serial_shops, nicolae_shop_waterfront,
          nicolae_snake_snakes_in_the_grass
Orc:1:    layout_caves, serial_shops, nicolae_shop_hallway_stairs
Orc:2:    grunt_orc_community_town_hall, layout_caves,
          grunt_orc_community_big_house_1, grunt_orc_community_big_house_2,
          grunt_orc_community_house_3, grunt_orc_community_house_3,
          grunt_orc_community_house_2, grunt_orc_community_house_2,
          grunt_orc_community_house_2, serial_shops, shop,
          nicolae_lakefront_shop, shop, shop, nicolae_shop_clearance,
          uniq_donald, uniq_snorg
Elf:1:    elf_arrival_002, layout_gridlike, serial_shops, shop,
          minmay_elf_demonology
Elf:2:    nicolae_elf_blades_crystal_corner, layout_geoelf_octagon
Vaults:1: hangedman_vaults_slither, nicolae_vaults_little_squares_2,
          nicolae_vaults_three_branches, st_eye, ontoclasm_vaults_pinch,
          v_misc_23, nicolae_vaults_mini_display_case, v_misc_19,
          hangedman_vaults_maws, ontoclasm_vaults_chip, v_misc_2,
          grunt_vaults_focal, layout_vaults_omnibox

Skill      XL: |  1  2  3  4  5  6  7  8  9 10 11 12 13 14 15 16 17 18 19 |
---------------+----------------------------------------------------------+-----
Earth Magic    | 4 5 6 7 8 9 12 13 15 16 18 | 18.0
Spellcasting   | 3 4 5 6 7 8 10 | 10.0
Conjurations   | 1 2 4 6 9 11 12 13 15 | 15.0
Fighting       | 4 6 7 8 10 11 12 | 12.8
Armour         | 3 6 7 10 | 10.4
Maces & Flails | 2 3 4 5 6 7 8 |  8.1
Unarmed Combat | 2 |  2.6
Axes           | 1 2 3 4 5 6 7 |  7.1
Staves         | 1 2 3 4 5 6 7 |  7.5
Poison Magic   | 4 5 7 |  7.0
Necromancy     | 3 5 7 |  7.0
Shields        | 1 4 |  4.0
Evocations     | 1 5 7 |  7.5
Transmutations | 2 5 |  5.3
Dodging        | 5 8 9 |  9.8
Ranged Weapons | 1 |  1.2
Hexes          | 3 |  3.0
Stealth        | |  2.1

Action                   |  1- 3 |  4- 6 |  7- 9 | 10-12 | 13-15 | 16-18 | 19-21 || total
-------------------------+-------+-------+-------+-------+-------+-------+-------++-------
Melee: Unarmed           |     4 |       |       |     5 |       |     2 |       ||    11
       Dagger            |    17 |    24 |       |       |       |       |       ||    41
       Dire flail        |       |       |     7 |   181 |   617 |   184 |       ||   989
       Staff             |       |       |       |     4 |       |    44 |    28 ||    76
 Fire: Longbow           |       |       |       |       |       |    39 |       ||    39
Throw: Javelin           |       |       |       |       |       |       |     2 ||     2
 Cast: Sandblast         |    40 |   102 |    91 |   175 |    58 |   576 |   228 ||  1270
       Stone Arrow       |       |     7 |    23 |   165 |   478 |   333 |     1 ||  1007
       Passwall          |       |       |     2 |       |     1 |     1 |       ||     4
       Poisonous Vapours |       |       |       |     7 |    11 |     5 |     1 ||    24
       Borgnjor's Vile C |       |       |       |       |    58 |    89 |    15 ||   162
       Fulminant Prism   |       |       |       |       |     6 |     2 |     7 ||    15
       Irradiate         |       |       |       |       |     2 |    13 |     3 ||    18
       Iskenderun's Batt |       |       |       |       |       |    17 |       ||    17
       Iron Shot         |       |       |       |       |       |   125 |    53 ||   178
Evoke: Wand              |       |       |       |       |     3 |     2 |     5 ||    10
  Use: Scroll            |     1 |     8 |     8 |     7 |     8 |     4 |     2 ||    38
       Potion            |       |       |     2 |     3 |     5 |       |     3 ||    13
Armor: Robe              |     6 |    15 |    44 |    38 |       |       |       ||   103
       Skin              |    28 |       |       |       |       |       |       ||    28
       Ring mail         |       |       |       |   243 |       |       |       ||   243
       Fire dragon scale |       |       |       |     9 |   815 |   882 |   208 ||  1914
Dodge: Dodged            |    25 |    75 |    83 |   369 |   509 |   509 |   112 ||  1682
Block: Buckler           |       |       |       |       |       |   108 |    66 ||   174

Table legend: (Time is in decaauts)
 A = Elapsed time spent in this place.
 B = Non-inter-level travel time spent in this place.
 C = Inter-level travel time spent in this place.
 D = Time resting spent in this place.
 E = Time spent auto-exploring this place.
 F = Levels seen in this place.
 G = Mean time per level.
                   A        B        C        D        E       F      G
               +--------+--------+--------+--------+--------+-----+--------+
         Total |  54032 |  49601 |   4431 |  11252 |  29086 |  35 | 1543.8 |
       Dungeon |  20530 |  18558 |   1972 |   2811 |  12819 |  15 | 1368.7 |
        Temple |     72 |     51 |     21 |      0 |     44 |   1 |   72.0 |
          Lair |   8126 |   7257 |    869 |    938 |   4851 |   5 | 1625.2 |
        Shoals |   9650 |   9398 |    252 |   3161 |   4309 |   4 | 2412.5 |
     Snake Pit |   7475 |   7041 |    434 |   1953 |   3735 |   4 | 1868.8 |
  Orcish Mines |   4192 |   3627 |    565 |    817 |   2067 |   2 | 2096.0 |
   Elven Halls |   2999 |   2684 |    315 |   1160 |   1037 |   2 | 1499.5 |
        Vaults |    276 |    276 |      0 |     10 |    149 |   1 |  276.0 |
       Volcano |    708 |    708 |      0 |    401 |     75 |   1 |  708.0 |
               +--------+--------+--------+--------+--------+-----+--------+

Top non-repeatable levels by time:
Shoals:2: 3826 daAuts
   Orc:2: 2945 daAuts
 Snake:4: 2844 daAuts
    D:11: 2414 daAuts
  Lair:2: 2398 daAuts
Shoals:3: 2151 daAuts
    D:14: 2041 daAuts
Shoals:4: 1919 daAuts
  Lair:1: 1868 daAuts
    D:12: 1859 daAuts
   Elf:1: 1822 daAuts
 Snake:2: 1773 daAuts
Shoals:1: 1752 daAuts
  Lair:5: 1686 daAuts
 Snake:3: 1595 daAuts
